AoeStats
← DerdonOhneKlarnamen

Lombardia

509917940Analyzed
3v3 RM · 4d ago on Sep 28, 2026· 37m 1s· 6 players
Game mode
Random Map
Map size
Normal (6 player)
Population
200
Speed
Normal
Resources
Standard
Victory
Conquest
Starting age
Dark Age
Ending age
Imperial Age
RankedLock teamsTeams togetherTeam positionsShared explorationLock speedFull tech treeHidden civsTurbo modeCheats
Victory
Defeat
🇩🇪 Mongols · Germany
575
+12
🇩🇪 Britons · Germany
518
+14
🇩🇪 Turks · Germany
511
+14
🇵🇱 Teutons · Poland
545
-22
🇰🇿 Sicilians · Kazakhstan
495
-14
🇨🇦 Tatars · Canada
391
-10
ninagwiazda
1:35 Loom
14:45 Feudal Age
16:27 Horse Collar
17:23 Arson
20:18 Wheelbarrow
21:15 Town Watch
Pretoreproperdon
12:58 Feudal Age
14:17 Wheelbarrow
13:25 Horse Collar
13:33 Double-Bit Axe
14:10 Stone Mining
14:49 Town Watch
16:11 Gold Mining
22:42 Forging
22:33 Scale Mail Armor
25:39 Castle Age
24:22 Fletching
26:32 Bodkin Arrow
27:25 Bow Saw
29:22 Stone Shaft Mining
29:48 Squires
29:34 Gambesons
30:35 Chain Mail Armor
31:24 Gold Shaft Mining
31:55 Iron Casting
31:25 Town Patrol
32:29 Ballistics
32:06 Murder Holes
33:11 Hand Cart
scrappernewman
5:47 Loom
13:21 Feudal Age
15:20 Double-Bit Axe
15:24 Horse Collar
17:46 Wheelbarrow
16:44 Man-at-Arms
19:08 Gold Mining
26:49 Castle Age
28:34 Gold Shaft Mining
28:15 Bow Saw
27:35 Pikeman
28:28 Heavy Plow
29:44 Hand Cart
ArtizSavage
12:26 Feudal Age
13:47 Wheelbarrow
12:55 Horse Collar
13:05 Double-Bit Axe
17:04 Bloodlines
18:46 Gold Mining
22:38 Forging
24:36 Scale Barding Armor
29:56 Castle Age
29:39 Fletching
29:50 Padded Archer Armor
30:22 Light Cavalry
31:05 Husbandry
31:15 Bodkin Arrow
31:35 Leather Archer Armor
31:41 Hand Cart
32:28 Heavy Plow
36:47 Thumb Ring
DerdonOhneKlarnamen
0:35 Loom
11:03 Feudal Age
12:19 Wheelbarrow
11:55 Double-Bit Axe
12:43 Horse Collar
15:32 Stone Mining
17:34 Gold Mining
24:03 Castle Age
25:26 Hand Cart
25:24 Bow Saw
25:52 Gold Shaft Mining
25:21 Heavy Plow
25:19 Fletching
25:30 Padded Archer Armor
32:17 Imperial Age
30:34 Caravan
32:03 Leather Archer Armor
32:34 Sanctity
32:32 Bodkin Arrow
Келлог
12:24 Feudal Age
13:19 Horse Collar
13:32 Double-Bit Axe
16:00 Stone Mining
16:01 Gold Mining
22:13 Castle Age
23:37 Gold Shaft Mining
23:05 Heavy Plow
23:19 Bow Saw
24:37 Fletching
24:47 Padded Archer Armor
25:23 Caravan
25:53 Coinage
26:52 Yeomen
28:55 Bodkin Arrow
29:15 Leather Archer Armor
33:16 Imperial Age
31:09 Ballistics
35:07 Two-Man Saw
34:27 Bracer
34:58 Ring Archer Armor
37:01 Chemistry
37:36 Sanctity
Connection lost

Rejoining the realm…

Still unreachable

The connection could not be restored.

Session expired

The server has moved on; the page needs a fresh start.